 Dungeon Crawl Stone Soup version 0.19-a0-188-ga21aea4 (console) character file.

105 Duffy the Chopper (level 4, -1/37 HPs)
             Began as a Minotaur Skald on May 23, 2016.
             Killed by nerve-wracking pain
             ... invoked by Grinder
              (14 damage)
             ... while paralysed by Grinder
             ... on level 3 of the Dungeon.
             The game lasted 00:02:59 (1936 turns).

Duffy the Chopper (Minotaur Skald)                  Turns: 1936, Time: 00:03:00

Health: -1/37      AC:  0    Str: 16    XL:     4   Next: 53%
Magic:  5/5        EV:  5    Int: 10    God:
Gold:   180        SH:  0    Dex: 15    Spells: 1 memorised, 4 levels left

rFire  . . .     SeeInvis .     (weapon currently unavailable)
rCold  . . .     Gourm    .     (armour currently unavailable)
rNeg   . . .     Faith    +     (shield currently unavailable)
rPois  .         Spirit   .     (helmet currently unavailable)
rElec  .         Dismiss  .     (cloak currently unavailable)
rCorr  .         Reflect  .     (gloves currently unavailable)
SustAt .         Harm     .     (boots currently unavailable)
MR     .....                    t - amulet of faith
Stlth  +.........               (ring currently unavailable)
                                (ring currently unavailable)

@: paralysed, lethally poisoned (-1 -> -7), exhausted, bat-form, flying, slowed,
very quick, not resistant to hostile enchantments, very unstealthy
A: (retaliatory headbutt), (horns 0)
a: no special abilities


You were on level 3 of the Dungeon.
You were very hungry.
You were in bat-form.
You visited 1 branch of the dungeon, and saw 3 of its levels.

You collected 180 gold pieces.


Innate Abilities, Weirdness & Mutations

((You reflexively headbutt those who attack you in melee.))
((You have a pair of horns on your head.))


   Skills:
 - Level 2.4 Fighting
 + Level 5.8 Axes
 - Level 1.2 Armour
 - Level 1.1 Dodging
 - Level 1.3 Spellcasting
 - Level 2.0 Charms


You had 4 spell levels left.
You knew the following spells:

 Your Spells              Type           Power        Failure   Level  Hunger
a - Infusion              Chrm           #...         17%         1    ##.....

Inventory:

Hand Weapons
 a - a +0 hand axe (melded)
Missiles
 j - 30 poisoned needles
Armour
 b - a +0 leather armour
 l - a +0 chain mail (melded)
Jewellery
 o - an uncursed ring of ice
 t - an amulet of faith (around neck)
Scrolls
 h - 2 scrolls of recharging {unknown}
 m - a scroll of enchant weapon {unknown}
 n - 2 scrolls of amnesia {unknown}
 p - 2 scrolls of remove curse
 q - a scroll of enchant armour {unknown}
Potions
 e - 2 potions of haste
 f - a potion of berserk rage
 g - a potion of ambrosia
 k - a potion of might
 s - a potion of flight {unknown}
Books
 c - a book of Battle
Comestibles
 d - 4 bread rations
 i - a royal jelly
 r - 2 chunks of flesh

Dungeon Overview and Level Annotations

Branches:
Dungeon (3/15)

Altars:
Fedhas
Kikubaaqudgha
Ru
The Shining One

Annotations:
D:3 Grinder


Message History

The hobgoblin no longer looks unusually strong.
You barely miss the hobgoblin.
The hobgoblin hits you but does no damage.
You slash the hobgoblin!
You kill the hobgoblin!
You slash the orc!
You kill the orc!
You are no longer berserk.
You are exhausted.
You feel yourself slow down.
You are feeling hungry.
The orc hits you but does no damage. Grinder hits you.
You writhe in agony. x2
Found a stone staircase leading down.
Items here: %% ))) [[[ Your chain mail prevents you from hitting Grinder.
You closely miss the orc. The orc barely misses you. Grinder barely misses you.
You furiously retaliate!
You headbutt Grinder. The orc closely misses you.
Grinder zaps a wand.
You turn into a bat.
Your +0 hand axe melds into your body.
Your +0 chain mail melds into your body.
It is a wand of polymorph.
Really attack barehanded? [Y]es or [N]o only, please.
Really attack barehanded? [Y]es or [N]o only, please.
Really attack barehanded? [Y]es or [N]o only, please.
Really attack barehanded?
Okay, then.
Really attack barehanded?
Okay, then.
You can't wield anything in your present form.
Unknown command.
You are feeling very hungry.
Grinder gestures at you.
You suddenly lose the ability to move!
Grinder gestures at you.
You shrug off the repeated paralysis!
Grinder gestures at you. Pain shoots through your body!
The orc wizard casts a spell.
The orc wizard blinks!
Grinder gestures at you.
You shrug off the repeated paralysis!
The orc wizard hits you with a dagger of venom.
You are poisoned.
You feel sick. Grinder gestures at you. Pain shoots through your body!
You die...

.# ### #. ..# . ########
#.#.# ....!..####.#.
............ #....#..#o#
#....#..#b#
#.##....#..#5#
##..#.......))##o#.#...
............).))......>.
.#........#%#)##.#####..
.....##..##.#.##.# ...
.....##...#.#.##.# ...
#....###..#.#.##.. ..
..........#.#.####
###.#.# #.


You could see Grinder, an orc wizard and an orc.

Action                   |  1- 3 |  4- 6 || total
-------------------------+-------+-------++-------
Melee: Hand axe          |   119 |    23 ||   142
       Headbutt          |    10 |     2 ||    12
  Use: Scroll            |     4 |       ||     4
       Potion            |       |     1 ||     1
  Eat: Chunk             |     3 |       ||     3
Armor: Leather armour    |    27 |       ||    27
       Chain mail        |     8 |    12 ||    20
Dodge: Dodged            |    79 |     8 ||    87

Notes
Turn   | Place    | Note
--------------------------------------------------------------
     0 | D:1      | Duffy the Minotaur Skald began the quest for the Orb.
     0 | D:1      | Reached XP level 1. HP: 18/18 MP: 1/1
   206 | D:1      | Reached skill level 3 in Axes
   265 | D:1      | Reached XP level 2. HP: 24/25 MP: 3/3
   707 | D:2      | Reached skill level 4 in Axes
   959 | D:2      | Reached XP level 3. HP: 22/30 MP: 4/4
  1074 | D:2      | Found a blossoming altar of Fedhas.
  1077 | D:2      | Found a sacrificial altar of Ru.
  1242 | D:2      | Found an ancient bone altar of Kikubaaqudgha.
  1496 | D:2      | Reached skill level 5 in Axes
  1801 | D:3      | Found a glowing golden altar of the Shining One.
  1897 | D:3      | Noticed Robin
  1902 | D:3      | Reached XP level 4. HP: 35/37 MP: 5/5
  1908 | D:3      | Noticed Grinder
  1917 | D:3      | Killed Robin
  1931 | D:3      | Paralysed by Grinder for 6 turns
  1936 | D:3      | Killed from afar by Grinder

Skill      XL: |  1  2  3 |
---------------+----------+-----
Axes           | 3 4 5 |  5.8
Fighting       | |  2.4
Armour         | |  1.2
Dodging        | |  1.1
Spellcasting   | |  1.3
Charms         | |  2.0

Vault maps used:
D:1:      co_arrival_square_in_a_square_in_a_square
D:2:      lemuel_doored_altar, lemuel_zombie_altar_kikubaaqudgha,
          nicolae_ru_path_of_blood, first_bread
D:3:      nicolae_overflow_crystal_walls, tso_metal_star,
          gammafunk_pakellas_cloud_experiment, uniq_robin, uniq_natasha,
          uniq_crazy_yiuf_cottage, uniq_grinder

Vanquished Creatures
  Robin
  3 adders
  2 worms
  A dart slug
  A giant gecko
  3 orcs
  2 bat zombies
  10 goblins
  10 hobgoblins
  3 kobolds
  2 quokkas
  2 ball pythons
  4 bats
  6 giant newts
  3 rats
  A rat zombie
54 creatures vanquished.
